Map: Dreamcatcher LE

Players

Fox

  • Race: Zerg Zerg
  • League: Gold
  • Spawn Location: 11:00

Saucy - Winner!

  • Race: Terran Terran
  • Spawn Location: 5:00

VOD

Have the link to the VOD?

Description

Time

  • Played on: Jan. 27, 2019, 7:50 p.m.
  • Length: 12:48
Show
View Real Time Build Order
Export as new Build Order

Fox Zerg 

Build Orders: Hatch First 

Get SALT Encoding   

  12  0:01  Drone  
  13  0:12  Overlord  
  13  0:18  Drone  
  14  0:30  Drone x2  
  16  0:51  Hatchery  
  16  0:56  Drone  
  16  0:58  Drone  
  16  1:02  Extractor  
  16  1:05  Drone  
  16  1:09  Drone  
  18  1:23  Spawning Pool  
  17  1:27  Drone  
  18  1:43  Drone  
  18  1:44  Drone  
  20  1:55  Overlord  
  20  2:10  Queen x2  
  24  2:18  Zergling x6  
  24  2:21  Zergling x2  
  27  2:27  Metabolic Boost  
  27  2:43  Drone  
  28  2:58  Drone x2  
  28  2:59  Overlord x2, Drone  
  31  3:09  Overlord  
  31  3:27  Extractor  
  30  3:30  Roach Warren  
  30  3:31  Drone  
  30  3:32  Drone  
  30  3:33  Baneling Nest  
  30  3:43  Drone x2  
  31  3:50  Zergling x4  
  31  3:51  Zergling x8  
  34  4:11  Roach x5  
  44  4:22  Roach x3  
  49  4:31  Queen  
  50  4:44  Roach x3  
  54  5:08  Roach, Zergling x2  
  54  5:09  Zergling x6  
  60  5:34  Spore Crawler  
  56  5:36  Hatchery  
  56  5:37  Spore Crawler  
  53  5:47  Drone  
  53  5:48  Drone x2  
  49  6:13  Drone x2  
  49  6:14  Overlord  
  51  6:29  Overlord x2  
  49  6:40  Drone  
  49  6:41  Drone  
  51  6:47  Queen  
  53  6:58  Queen  
  55  7:15  Ravager x7  
  61  7:17  Drone x2  
  61  7:44  Drone x8  
  52  8:15  Drone x8  
  53  8:31  Drone  
  53  8:32  Drone x2  
  56  8:44  Lair  
  56  8:56  Drone x3  
  59  9:29  Drone x3  
  62  9:33  Drone, Hatchery  
  49  10:08  Drone x8  
  49  10:09  Drone x3  
  46  10:45  Drone x4  
  50  11:11  Drone x5  
  52  11:30  Drone x4  
  51  11:46  Ravager x2  
  51  11:47  Ravager  
  54  12:00  Spore Crawler  
  53  12:01  Drone  
  53  12:02  Drone  
  55  12:16  Spine Crawler x2  
Show
View Real Time Build Order
Export as new Build Order

Saucy Terran - Winner!

Build Orders: Reaper Expand, Hellion Banshee, Mech 

Get SALT Encoding   

  12  0:00  SCV  
  13  0:12  SCV  
  14  0:17  Supply Depot  
  14  0:24  SCV  
  15  0:39  Barracks, SCV  
  16  0:45  Refinery  
  16  0:51  SCV  
  17  1:03  SCV  
  18  1:15  SCV  
  19  1:27  Orbital Command  
  19  1:39  Reaper  
  20  1:42  Command Center  
  20  1:53  Supply Depot  
  20  1:54  SCV  
  21  2:02  Refinery  
  21  2:11  SCV  
  22  2:17  Barracks Reactor  
  22  2:24  Factory  
  22  2:25  SCV  
  23  2:37  SCV  
  24  2:50  SCV  
  25  2:58  Orbital Command  
  25  3:05  SCV  
  26  3:06  Barracks Tech Lab  
  26  3:13  Starport  
  26  3:16  Hellion x2  
  30  3:20  Supply Depot, SCV  
  30  3:23  SCV  
  32  3:32  SCV  
  33  3:35  SCV  
  33  3:38  Hellion x2  
  38  3:42  Refinery  
  38  3:45  SCV  
  38  3:47  SCV  
  40  3:57  SCV  
  40  3:59  SCV  
  40  4:00  Banshee  
  45  4:06  Cloaking Field  
  45  4:09  SCV  
  46  4:11  Refinery  
  46  4:12  SCV  
  47  4:17  Command Center  
  47  4:20  Supply Depot  
  47  4:21  SCV  
  48  4:33  SCV x2  
  50  4:45  Hellion x2, SCV x2  
  55  4:46  Banshee  
  55  4:52  Factory  
  58  4:57  SCV x2  
  58  4:58  Supply Depot  
  58  5:00  Supply Depot  
  58  5:08  Widow Mine x2  
  62  5:15  Armory  
  62  5:19  Armory  
  62  5:20  SCV x2  
  64  5:32  SCV x2  
  64  5:35  Liberator  
  66  5:37  Hellion  
  66  5:38  Hellion  
  70  5:49  SCV  
  72  5:50  SCV  
  72  5:53  Orbital Command  
  72  5:55  Factory Tech Lab  
  72  5:56  Factory  
  75  6:02  SCV  
  73  6:13  Terran Vehicle Weapons Level 1, Terran Vehicle And Ship Armor Level 1  
  73  6:17  Orbital Command  
  73  6:20  SCV x2  
  73  6:22  Engineering Bay, Siege Tank  
  78  6:28  Command Center  
  78  6:31  Hellion x2  
  78  6:32  SCV x2  
  84  6:40  Infernal Pre-Igniter, Factory Tech Lab  
  84  6:43  Medivac  
  84  6:45  Hellion x7  
  86  6:48  SCV x2  
  86  6:53  Hellion, SCV  
  91  6:58  Widow Mine  
  93  7:10  Supply Depot  
  93  7:16  Supply Depot  
  93  7:17  Supply Depot  
  93  7:32  Widow Mine, Hellion, Medivac, SCV x2  
  93  7:36  Missile Turret  
  101  7:38  Siege Tank x2, SCV  
  108  7:44  SCV x2  
  108  7:50  Missile Turret  
  110  7:52  Missile Turret  
  110  7:53  Hellion  
  107  8:02  Viking  
  109  8:10  Siege Tank  
  110  8:13  Siege Tank  
  110  8:14  Hellion  
  110  8:15  Hellion  
  109  8:31  SCV x3  
  109  8:32  Orbital Command  
  112  8:34  Viking  
  112  8:35  Hellion  
  112  8:36  Hellion  
  118  8:42  Siege Tank  
  118  8:43  Terran Vehicle And Ship Armor Level 2, Terran Vehicle Weapons Level 2, SCV x2  
  118  8:45  Siege Tank  
  126  8:50  Supply Depot  
  126  8:51  Missile Turret  
  126  8:52  Missile Turret x2  
  126  8:53  Missile Turret  
  126  8:55  Missile Turret  
  126  8:56  Refinery  
  126  8:59  SCV x3  
  126  9:02  Missile Turret  
  129  9:11  Orbital Command  
  129  9:12  Fusion Core, Starport x2  
  129  9:13  Refinery  
  129  9:14  Supply Depot  
  129  9:17  Siege Tank  
  129  9:18  Hellion x3  
  135  9:34  Viking  
  137  9:39  Siege Tank  
  137  9:42  SCV x4  
  144  9:54  SCV  
  141  10:13  Siege Tank x2  
  141  10:14  Hellion  
  143  10:15  Starport Tech Lab x2  
  143  10:16  SCV x3  
  142  10:31  SCV  
  142  10:32  SCV x3  
  146  10:35  Refinery  
  146  10:36  Refinery  
  146  10:39  Command Center  
  146  10:40  Battlecruiser  
  152  10:44  Battlecruiser  
  152  10:45  Siege Tank x2  
  158  11:01  Command Center  
  158  11:03  Hellion x2  
  160  11:06  Refinery  
  160  11:08  Missile Turret  
  160  11:09  Missile Turret, Refinery  
  160  11:11  Missile Turret  
  160  11:17  Siege Tank  
  163  11:35  Siege Tank  
  170  11:49  Supply Depot  
  170  11:50  Supply Depot  
  170  11:51  Supply Depot, Starport  
  170  11:52  Supply Depot  
  170  11:53  Starport  
  182  12:21  Command Center  
  182  12:26  Hellion x2  
  182  12:28  SCV x4  
Tags
 
Add a new tag
Caveats
  • Supply blocks, unpowered buildings, or Contaminate may cause inaccurate times.
  • Supply counts are checked every 10 seconds.